 Dungeon Sprint DCSS version 0.27-a0-1200-g94dc6ad4cf (webtiles) character file.

Game seed: 4896695711375741018

689 night the Cleaver (level 7, -3/46 HPs)
             Began as a Demonspawn Fire Elementalist on June 1, 2021.
             Was an Initiate of Gozag.
             Slain by a merfolk
             ... wielding a +0 trident
              (20 damage)
             ... in the Dungeon (Sprint V: "Ziggurat Sprint").
             The game lasted 00:03:40 (245 turns).

night the Cleaver (Demonspawn Fire Elementalist)     Turns: 245, Time: 00:03:40

Health: -3/46      AC: 15    Str: 20    XL:     7   Next: 36%
Magic:  18/18      EV:  9    Int: 19    God:    Gozag
Gold:   594        SH:  6    Dex: 13    Spells: 11/21 levels left

rFire    + + .     SeeInvis +   G - +14 obsidian axe {vorpal, Drain Fly SInv}
rCold    x . .     Faith    .   j - +3 buckler
rNeg     . . .     Spirit   .   b - +5 fire dragon scales
rPois    .         Reflect  .   (no helmet)
rElec    +         Harm     .   (no cloak)
rCorr    +         Rampage  .   p - +1 pair of gloves of the Yeti {rElec rCorr}
Will     .....     NoTele   +   (no boots)
Stlth    ..........             (no amulet)
HPRegen  0.15/turn              D - +6 ring of strength
MPRegen  0.16/turn              E - +6 ring of strength

@: lethally poisoned (-3 -> -9), flying, mesmerised
A: claws 1, demonic magic 2
a: Renounce Religion, Potion Petition, Call Merchant, Bribe Branch


You were in the Dungeon.
You worshipped Gozag.
Gozag was pleased with you.
You visited 1 branch You collected 594 gold pieces.

Inventory:

Hand Weapons
 F - a +5 broad axe
 G - the +14 obsidian axe (weapon) {vorpal, Drain Fly SInv}
   (You found it in the Dungeon)

   It inflicts extra damage upon your enemies.
   It lets you see invisible.
   It grants you flight.
   It drains your maximum health when unequipped.
Armour
 a - a +0 robe
 b - +5 fire dragon scales (worn)
 i - +5 gold dragon scales
 j - a +3 buckler (worn)
 k - a +3 kite shield
 l - a +3 tower shield
 p - the +1 pair of gloves of the Yeti (worn) {rElec rCorr}
   (You found it in the Dungeon)

   It insulates you from electricity.
   It protects you from acid and corrosion.
Jewellery
 y - a ring of flight
 z - a +6 ring of dexterity
 A - a +6 ring of dexterity
 B - a +6 ring of intelligence
 C - a +6 ring of intelligence
 D - a +6 ring of strength (left hand)
 E - a +6 ring of strength (right hand)
 I - a ring of fire
Wands
 v - a wand of mindburst (7)
 w - a wand of iceblast (7)
 x - a wand of acid (7)
Scrolls
 h - 4 scrolls of blinking
 r - 4 scrolls of amnesia
 s - 7 scrolls of fog
 t - 5 scrolls of identify
 u - 2 scrolls of fear
Potions
 c - 10 potions of curing
 d - 9 potions of heal wounds
 e - 6 potions of haste
 f - 7 potions of magic
 g - 3 potions of berserk rage
 m - 2 potions of brilliance
 n - 2 potions of invisibility
 o - 4 potions of resistance
 q - 5 potions of might
Miscellaneous
 H - a tin of tremorstones (2/2)


   Skills:
 - Level 8.3 Axes
 - Level 1.7 Dodging
 - Level 1.7 Stealth
 + Level 7.5 Spellcasting
 + Level 7.9 Conjurations
 + Level 7.8 Fire Magic


You had 11 spell levels left.
You knew the following spells:

 Your Spells              Type           Power      Damage    Failure   Level
a - Foxfire               Conj/Fire      100%       2x1d9     2%          1
b - Sticky Flame          Conj/Fire      37%        2d6       24%         4
c - Fireball              Conj/Fire      18%        3d9       56%         5

Your spell library contained the following spells:

 Spells                   Type           Power      Damage    Failure   Level
 Conjure Flame            Conj/Fire      37%        6-21      8%          3
 Inner Flame              Hex/Fire       22%        N/A       36%         3


Dungeon Overview and Level Annotations

Branches:
Dungeon (1/1)

Altars:
Ashenzari
Cheibriados
Dithmenos
Elyvilon
Fedhas
Gozag
Hepliaklqana
Kikubaaqudgha
Makhleb
Nemelex Xobeh
Okawaru
Qazlal
Ru
Sif Muna
Trog
Uskayaw
Vehumet
Wu Jian
Xom
Yredelemnul
Zin
The Shining One
Beogh
Jiyva
Lugonu

Annotations:
D 1 transporter


Innate Abilities, Weirdness & Mutations

You have sharp fingernails.
Spells you cast may paralyse nearby enemies.


Message History

You now have enough gold to petition Gozag for potion effects.
You now have 468 gold pieces (gained 72).
You now have 522 gold pieces (gained 54).
You now have 594 gold pieces (gained 72).
You see here a +2 robe of fire resistance.
You see here a +3 leather armour of willpower.
I - a ring of fire You see here a +3 leather armour of willpower.
There is a transporter here.
Welcome to arena 3.
You enter the transporter and appear at another place. 4 merfolk come into view.
Visions of slaying the merfolk flood into your mind.
The merfolk shouts! x4
The merfolk unwields a +0 trident.
The merfolk drops a +0 trident.
The merfolk picks up a +0 glaive of venom.
The merfolk wields a +0 glaive of venom.
It begins to drip with poison!
Found four items.
Found a transporter.
The merfolk hits you but does no damage.
Visions of slaying the merfolk flood into your mind.
The merfolk hits you but does no damage.
You are poisoned.
The merfolk closely misses you. The merfolk hits you with a +0 trident!
You block the merfolk's attack.
You slice the merfolk!!
The merfolk is moderately wounded.
You slash the merfolk! You closely miss the merfolk.
Visions of slaying the merfolk flood into your mind.
You feel very sick. You block the merfolk's attack.
The merfolk hits you with a +0 trident! You block the merfolk's attack. x2
You are too injured to fight recklessly!
You are too injured to fight recklessly!
You are too injured to fight recklessly!
Your fire dragon scales prevents you from hitting the merfolk.
You hit the merfolk. You barely miss the merfolk.
You feel sick.
The merfolk hits you with a +0 trident!!
You die...
Your body crumbles into a pile of gold.

▓▓▓▓▓▓▓▓▓▓▓▓▓▓▓▓▓▓▓
▓.8©8.▓.8©8.▓.8©8.▓
▓.=)|.▓..[[.▓.....▓
▓..m..▓.....▓.....▓
▓.m.m.▓.....▓.....▓
▓..@m.▓.....▓.....▓
▓.....▓.....▓..©..▓
▓..©..▓..©..▓▓▓▓▓▓▓
▓▓▓▓▓▓▓▓▓▓▓▓▓


You could see 4 merfolk.

Vanquished Creatures
  A polar bear (shapeshifter) (D)
  An acid dragon (shapeshifter) (D)
  2 iron imps (D)
  A white imp (D)
5 creatures vanquished.

Vanquished Creatures (others)
  2 foxfires (D)
2 creatures vanquished.

Grand Total: 7 creatures vanquished

Notes
Turn   | Place    | Note
-------+----------+-------------------------------------------
     0 | D        | night the Demonspawn Fire Elementalist began the quest for
                  | the Orb.
     0 | D        | Reached XP level 1. HP: 13/13 MP: 3/3
     3 | D        | Found a blossoming altar of Fedhas.
     4 | D        | Found the +6 Majin-Bo {vamp, MP+6 Int+6}
     4 | D        | Found the +9 heavy crossbow "Sniper" {vorpal, Acc+∞ SInv}
     4 | D        | Found the +10 dark maul {vorpal}
     4 | D        | Found the +15 Maxwell's patent armour {-Cast -Tele rElec
                  | Will+ rCorr}
     4 | D        | Found the +18 shield of the Gong {rElec rN+ Will+ EV-5}
     4 | D        | Found the +14 obsidian axe {vorpal, Drain Fly SInv}
     4 | D        | Found the +7 great mace "Firestarter" {inner flame, rF++}
     4 | D        | Found the +6 shillelagh "Devastator" {shatter}
     4 | D        | Found the +11 plutonium sword {Contam Stlth-}
     4 | D        | Found the +8 lance "Wyrmbane" {slay drac, rPois rF+ rC+
                  | AC+3}
     4 | D        | Found the +9 sword of Zonguldrok {reap}
     4 | D        | Found the +13 scythe of Curses {drain, Drain}
     4 | D        | Found the +5 sword of Power {vorpal}
     4 | D        | Found the +7 mace of Variability {chain chaos}
     4 | D        | Found the +7 Singing Sword {vorpal, sonic wave}
     4 | D        | Found the +8 storm bow {elec, penet}
     7 | D        | Found a shimmering blue altar of Sif Muna.
     7 | D        | Found a sacrificial altar of Ru.
     7 | D        | Found a bloodstained altar of Trog.
     7 | D        | Found a stormy altar of Qazlal.
     7 | D        | Found an iron altar of Okawaru.
     7 | D        | Found a sparkling altar of Nemelex Xobeh.
     9 | D        | Found a transporter.
     9 | D        | Found an ancient bone altar of Kikubaaqudgha.
     9 | D        | Found a viscous altar of Jiyva.
     9 | D        | Found a corrupted altar of Lugonu.
     9 | D        | Found a hazy altar of Hepliaklqana.
     9 | D        | Found a burning altar of Makhleb.
     9 | D        | Found an opulent altar of Gozag.
    95 | D        | Became a worshipper of Gozag Ym Sagoz the Greedy
   106 | D        | Entered arena 2.
   106 | D        | Noticed a tengu
   106 | D        | Noticed an acid dragon
   106 | D        | Found a transporter.
   108 | D        | Noticed a sky beast
   108 | D        | a tengu changed into a sky beast
   110 | D        | Noticed a human
   110 | D        | a sky beast changed into a human
   112 | D        | Noticed a polar bear
   112 | D        | a human changed into a polar bear
   113 | D        | Killed an acid dragon
   114 | D        | Reached skill level 5 in Spellcasting
   114 | D        | Reached skill level 5 in Conjurations
   114 | D        | Reached skill level 5 in Fire Magic
   114 | D        | Gained mutation: You have sharp fingernails. [demonic
                  | ancestry]
   114 | D        | Reached XP level 2. HP: 19/19 MP: 4/8
   114 | D        | Reached XP level 3. HP: 24/24 MP: 4/9
   114 | D        | Gained mutation: Spells you cast may paralyse adjacent
                  | enemies. [demonic ancestry]
   114 | D        | Reached XP level 4. HP: 30/30 MP: 4/11
   117 | D        | Killed a polar bear
   118 | D        | Reached XP level 5. HP: 35/35 MP: 3/14
   118 | D        | Reached XP level 6. HP: 41/41 MP: 3/16
   118 | D        | Reached skill level 8 in Axes
   118 | D        | Gained mutation: Spells you cast may paralyse nearby
                  | enemies. [demonic ancestry]
   118 | D        | Reached XP level 7. HP: 46/46 MP: 3/17
   125 | D        | Got the +1 pair of gloves of the Yeti {rElec rCorr}
   215 | D        | Learned a level 4 spell: Sticky Flame
   221 | D        | Learned a level 5 spell: Fireball
   221 | D        | Entered arena 3.
   221 | D        | Found a transporter.
   241 | D        | Entered arena 4.
   241 | D        | Noticed a merfolk
   241 | D        | Noticed a merfolk
   241 | D        | Noticed a merfolk
   241 | D        | Noticed a merfolk
   241 | D        | Found a transporter.
   245 | D        | Slain by a merfolk

Illustrated notes

Levels and vault maps discovered:
D:        sprint_v [room_start, room_1, room_2, room_3, room_4, room_5, room_6,
          room_7, room_8, room_9, room_10, room_11, room_12, room_13, room_14,
          room_15, room_16, room_17, room_18, room_19, room_20, room_21,
          room_22, room_23, room_24, room_25, room_26, room_27]

Skill      XL: |  1  2  3  4  5  6 |
---------------+-------------------+-----
Spellcasting   | 5 7 |  7.5
Conjurations   | 5 7 |  7.9
Fire Magic     | 5 7 |  7.8
Axes           | 8 |  8.3
Dodging        | |  1.7
Stealth        | |  1.7

Action                   |  1- 3 |  4- 6 |  7- 9 || total
-------------------------+-------+-------+-------++-------
Melee: Broad axe         |     5 |     3 |     5 ||    13
 Cast: Foxfire           |       |     1 |       ||     1
  Use: Potion            |     1 |     1 |       ||     2
Armor: Fire dragon scale |     4 |     2 |     4 ||    10
Dodge: Dodged            |     6 |     1 |     2 ||     9
Block: Buckler           |     5 |     3 |     4 ||    12

Table legend: (Time is in decaauts)
 A = Elapsed time spent in this place.
 B = Non-inter-level travel time spent in this place.
 C = Inter-level travel time spent in this place.
 D = Time resting spent in this place.
 E = Time spent auto-exploring this place.
 F = Levels seen in this place.
 G = Mean time per level.
                   A        B        C        D        E       F      G
               +--------+--------+--------+--------+--------+-----+--------+
         Total |    250 |    250 |      0 |     74 |      0 |   1 |  250.0 |
       Dungeon |    250 |    250 |      0 |     74 |      0 |   1 |  250.0 |
               +--------+--------+--------+--------+--------+-----+--------+

Top non-repeatable levels by time:
       D: 250 daAuts
